 Dungeon Crawl Stone Soup version 0.31-a0-931-g7b59d4eb97 (webtiles) character file.

Game seed: 10387080880711728508

45755 protoss039 the Thaumaturge (level 14, 111/111 HPs)
             Began as a Demonspawn Earth Elementalist on Oct 19, 2023.
             Was a High Priest of Vehumet.
             Got out of the dungeon alive.
             The game lasted 01:02:47 (22290 turns).

protoss039 the Thaumaturge (DsEE)                  Turns: 22290, Time: 01:02:48

Health: 111/111    AC:  8    Str:  8    XL:     14   Next: 2%
Magic:  31/31      EV: 13    Int: 26    God:    Vehumet [*****.]
Gold:   901        SH: 12    Dex: 19    Spells: 5/40 levels left

rFire   . . .        P - +2 dagger (venom)
rCold   . . .        W - +1 buckler of Yxeumaum {Dex+3 Stlth+}
rNeg    . . .        M - +2 robe {Will+}
rPois   +            V - +0 helmet
rElec   .            (no cloak)
rCorr   .            H - +0 pair of gloves {Stlth+}
SInv    .            L - +0 pair of boots
Will    ++...        s - amulet of reflection
Stlth   ++++         r - ring of poison resistance
HPRegen 0.38/turn    g - +6 ring of intelligence
MPRegen 0.22/turn

%: reflection
@: no status effects
A: claws 2, ignite blood 2, spiny 2
a: Renounce Religion


You escaped.
You worshipped Vehumet.
Vehumet was extremely pleased with you.
You visited 3 branches of the dungeon, and saw 18 of its levels.
You also visited: Sewer, Ossuary and Volcano.

You collected 1464 gold pieces.
You spent 563 gold pieces at shops.

Inventory:

Hand Weapons
 y - a +2 dagger of draining
 N - a +9 scimitar of chaos
 P - a +2 dagger of venom (weapon)
Missiles
 K - 5 throwing nets
Armour
 u - +0 acid dragon scales
 H - a +0 pair of gloves of stealth (worn)
 L - a +0 pair of boots (worn)
 M - a +2 robe of willpower (worn)
 O - a +2 robe of fire resistance
 V - a +0 helmet (worn)
 W - the +1 buckler of Yxeumaum (worn) {Dex+3 Stlth+}
   (You bought it in a shop on level 6 of the Dungeon)

   Dex+3:     It affects your dexterity (+3).
   Stlth+:    It makes you more stealthy.
Magical Staves
 e - a staff of conjuration
Jewellery
 g - a +6 ring of intelligence (right hand)
 r - a ring of poison resistance (left hand)
 s - an amulet of reflection (around neck)
 z - an amulet of magic regeneration
 A - an amulet of regeneration
 E - a ring of resist corrosion
Wands
 d - a wand of light (8)
 x - a wand of roots (14)
 I - a wand of paralysis (17)
 S - a wand of mindburst (15)
Scrolls
 c - a scroll of revelation {unknown}
 h - 12 scrolls of teleportation
 k - a scroll of identify
 l - 4 scrolls of amnesia
 o - 3 scrolls of fog
 p - 5 scrolls of fear
 q - 4 scrolls of blinking
 t - a scroll of enchant armour
 B - 3 scrolls of immolation
 C - 2 scrolls of summoning
 T - 2 scrolls of poison {unknown}
Potions
 a - 3 potions of mutation
 b - 3 potions of magic
 f - 8 potions of curing
 i - 6 potions of haste
 m - 7 potions of heal wounds
 n - a potion of berserk rage
 v - 4 potions of brilliance
 w - 3 potions of might
 D - 4 potions of lignification
 F - a potion of invisibility {unknown}
 G - 2 potions of enlightenment
 J - a potion of ambrosia


   Skills:
 + Level 10.6 Fighting
 - Level 6.0 Armour
 - Level 3.0 Dodging
 - Level 1.7 Stealth
 - Level 6.0 Shields
 * Level 13.5 Spellcasting
 - Level 9.0 Conjurations
 - Level 3.0 Necromancy
 - Level 3.0 Transmutations
 - Level 3.0 Fire Magic
 - Level 3.0 Ice Magic
 - Level 3.0 Air Magic
 + Level 7.6 Earth Magic
 - Level 3.0 Poison Magic
 - Level 3.0 Evocations


You had 5 spell levels left.
You knew the following spells:

 Your Spells              Type           Power      Damage    Failure   Level
a - Sandblast             Erth           100%       2d20      1%          1
b - Passwall              Tmut/Erth      37%        N/A       1%          2
c - Stone Arrow           Conj/Erth      100%       3d13      1%          3
d - Inner Flame           Hex/Fire       25%        N/A       2%          3
e - Irradiate             Conj/Tmut      24%        3d19      3%          5
f - Ignite Poison         Fire/Tmut/Pois 33%        N/A       1%          3
g - Mephitic Cloud        Conj/Pois/Air  43%        N/A       1%          3
h - Freezing Cloud        Conj/Ice/Air   21%        6-21      4%          5
i - Borgnjor's Vile Clut  Necr/Erth      22%        N/A       14%         5
j - Lee's Rapid Deconstr  Erth           27%        3d14*     1%          5

Your spell library contained the following spells:

 Spells                   Type           Power      Damage    Failure   Level
 Starburst                Conj/Fire      24%        6d8       16%         6
 Freeze                   Ice            100%       1d10      1%          1
 Cigotuvi's Dreadful Rot  Necr/Pois/Air  66%        N/A       1%          2
 Poisonous Vapours        Pois/Air       66%        N/A       1%          2
 Frozen Ramparts          Ice            66%        1d10      1%          3
 Hailstorm                Conj/Ice       48%        3d11      1%          3
 Brom's Barrelling Bould  Conj/Erth      57%        2d7       1%          4
 Iskenderun's Battlesphe  Conj           59%        2d11      1%          5
 Fireball                 Conj/Fire      24%        3d11      3%          5
 Petrify                  Tmut/Erth      45%        N/A       5%          4
 Leda's Liquefaction      Hex/Erth       18%        N/A       10%         4
 Gell's Gravitas          Tloc           17%        N/A       14%         3
 Teleport Other           Tloc           17%        N/A       14%         3
 Animate Dead             Necr           33%        N/A       14%         4
 Dispel Undead            Necr           33%        3d14      14%         4
 Passage of Golubria      Tloc           17%        N/A       43%         4
 Silence                  Hex/Air        12%        N/A       56%         5
 Bombard                  Conj/Erth      28%        9d5       7%          6
 Conjure Ball Lightning   Conj/Air       24%        3x3d7     16%         6
 Orb of Destruction       Conj           29%        9d9       24%         7
 Death Channel            Necr           16%        N/A       91%         6
 Lehudib's Crystal Spear  Conj/Erth      28%        10d8      91%         8
 Dispersal                Tloc           8%         N/A       100%        6


Dungeon Overview and Level Annotations

Branches:
Dungeon (14/15) Zot: 26586  Temple (1/1) D:5 Zot: 5960    Lair (3/5) D:9 Zot: 13143
  Swamp (0/4) Lair:2        Snake (0/4) Lair:2          Orc (0/2) D:12
  Sewer (visited)         Ossuary (visited)         Volcano (visited)
 Vaults: D:13-14

Altars:
Ashenzari
Cheibriados
Dithmenos
Fedhas
Gozag
Hepliaklqana
Kikubaaqudgha
Makhleb
Nemelex Xobeh
Okawaru
Qazlal
Ru
Sif Muna
Trog
Uskayaw
Vehumet
Wu Jian
Xom
Yredelemnul

Shops:
D:2 *[(!   D:6 [[[?   D:8 =

Annotations:
D:4 exclusion: centaur
D:7 3 runed translucent doors, Stil's ghost, novice DsNe
D:11 3 runed translucent doors, Maratek's ghost, journeyman MiFi
D:12 exclusion: vampire, Gastronok
D:13 exclusions: door, downstairs and 1 more exclusion


Innate Abilities, Weirdness & Mutations

You have very sharp fingernails.
Your demonic aura often causes spilled blood to erupt in flames.
You are mostly covered in sharp spines.


Message History

There is a stone staircase leading up here.
You climb upwards.
There is a stone staircase leading down here.
There is a stone staircase leading up here.
You climb upwards.
There is a stone staircase leading down here.
There is an open door here.
There is a stone staircase leading up here.
You climb upwards.
Level annotation: exclusion: centaur
There is a stone staircase leading down here.
There is a stone staircase leading up here.
You climb upwards.
There is a stone staircase leading down here.
You see here 2 boomerangs.
There is a stone staircase leading up here.
You climb upwards.
There is a stone staircase leading down here.
There is a stone staircase leading up here.
You climb upwards.
There is a stone staircase leading down here.
There is an open door, spattered with blood here.
There is a staircase leading out of the dungeon here.
Okay, then.
Okay, then.
Okay, then.
Okay, then.
As you read the scroll of enchant weapon, it crumbles to dust.
Your +5 scimitar of chaos glows red for a moment.
As you read the scroll of enchant weapon, it crumbles to dust.
Your +6 scimitar of chaos glows red for a moment.
As you read the scroll of enchant weapon, it crumbles to dust.
Your +7 scimitar of chaos glows red for a moment.
As you read the scroll of enchant weapon, it crumbles to dust.
Your +8 scimitar of chaos glows red for a moment.
As you read the scroll of enchant weapon, it crumbles to dust.
Your +1 dagger of venom glows red for a moment.
Okay, then.
Okay, then.
You have escaped!

##.#......#.#..........#.# #.####
##.#####'#######+####.##.###.#
...# ##....[....## #......#.#
#### ##...#####...###....#.#.# #
##.#.#.###.#.#.#####.#.#.# #
##.##.##.#.##.##.## #.#.#.# #
##.###.###.###.###.###...#.##
###.####.##.#.##.####.##......#
.+.........###..@......'...##.###
##..####.### ###.####..#...##....
#.#.###.# #.###.#.#.>.######
#.##.#.## ##.#.##.#.### #
##.###.## ##.###.#.# # ##.##.#.##
##.#.##.#.# # ##.#.###.#
#.###.#.#.# # .#.)####.###
###.####..#.# #
.'.........###.........+.# #


There were no monsters in sight!

Vanquished Creatures
  Frances (D:14)
  A vault guard (D:14)
  2 hydras (Lair:2)
  Erolcha (D:10)
  2 catoblepae
  3 centaur warriors
  A boulder beetle (Lair:1)
  4 two-headed ogres
  Urug (D:10)
  A hell knight (Volcano)
  Nergalle (Lair:3)
  Sonja (D:10)
  Lodul (D:10)
  A salamander mystic (Volcano)
  A deep elf pyromancer (D:8)
  2 cyclopes
  2 ugly things (D:13)
  4 salamanders (Volcano)
  A will-o-the-wisp (Lair:2)
  2 manticores
  2 molten gargoyles (Volcano)
  3 black mambas
  2 gargoyles
  7 cane toads
  Psyche (D:10)
  11 komodo dragons
  A rime drake (Lair:3)
  4 trolls
  9 blink frogs
  2 shadows (D:12)
  3 wraiths
  6 slime creatures (D:13)
  39 yaks
  4 wyverns
  2 fire bats (Volcano)
  4 basilisks
  10 vampire mosquitoes
  2 steam dragons
  2 nagas (Lair:2)
  13 water moccasins
  An acid dragon (D:11)
  3 black bears (D:9)
  3 ice beasts
  A sky beast (D:7)
  An orc warrior (D:10)
  8 ogres
  12 wolves (Lair:2)
  A phantom (D:6)
  5 centaurs
  2 kobold brigands
  12 bullfrogs
  A gnoll sergeant (D:9)
  3 scorpions
  5 wights (D:7)
  6 killer bees (D:8)
  10 howler monkeys
  An electric eel (D:13)
  5 lava snakes (Volcano)
  4 hounds
  3 jellies
  4 orc priests
  A human zombie (Ossuary)
  Jessica (D:2)
  7 iguanas (Lair:1)
  9 orc wizards
  2 mummies (Ossuary)
  9 gnolls
  8 adders
  A shadow imp (D:5)
  A white imp (D:6)
  2 dart slugs
  28 orcs
  5 bats
  7 endoplasms
  14 giant cockroaches
  6 hobgoblins
  8 jackals (D:2)
  9 quokkas
  9 ball pythons
  5 frilled lizards
  8 goblins
  3 goblin zombies (Ossuary)
  13 hobgoblin zombies (Ossuary)
  3 jackal zombies (Ossuary)
  13 kobolds
  6 kobold zombies (Ossuary)
  8 orc zombies (Ossuary)
  7 rats
  2 rat zombies (Ossuary)
446 creatures vanquished.

Notes
Turn   | Place    | Note
-------+----------+-------------------------------------------
     0 | D:1      | protoss039 the Demonspawn Earth Elementalist began the
                  | quest for the Orb.
     0 | D:1      | Reached XP level 1. HP: 13/13 MP: 3/3
   211 | D:1      | Gained mutation: Your demonic aura sometimes causes spilled
                  | blood to erupt in flames. [demonic ancestry]
   211 | D:1      | Reached XP level 2. HP: 20/20 MP: 3/5
   374 | D:1      | Reached skill level 1 in Fighting
   652 | D:1      | Learned a level 2 spell: Passwall
   701 | D:1      | Reached XP level 3. HP: 25/26 MP: 2/6
   970 | D:2      | Learned a level 3 spell: Stone Arrow
  1008 | D:2      | Noticed Jessica
  1014 | D:2      | Killed Jessica
  1015 | D:2      | Reached skill level 1 in Conjurations
  1031 | D:2      | Reached XP level 4. HP: 30/33 MP: 0/8
  1365 | D:2      | Found Pitimp Xiphi's General Store.
  1420 | D:2      | Bought a potion of degeneration for 13 gold pieces
  1502 | D:2      | Found Lushoige's Weapon Shoppe.
  1635 | D:2      | Found Kinou's Distillery.
  1641 | D:2      | Bought a potion of heal wounds for 50 gold pieces
  1641 | D:2      | Bought a potion of curing for 30 gold pieces
  1852 | D:2      | Found Umowauge's Antique Armour Shop.
  2790 | D:4      | Found a glowing drain.
  2850 | Sewer    | Entered a sewer
  2855 | Sewer    | Gained mutation: You have sharp fingernails. [demonic
                  | ancestry]
  2855 | Sewer    | Reached XP level 5. HP: 36/38 MP: 3/9
  2969 | Sewer    | Reached skill level 3 in Spellcasting
  3521 | D:4      | Noticed a centaur
  3652 | D:5      | Entered Level 5 of the Dungeon
  3661 | D:5      | Reached XP level 6. HP: 43/46 MP: 5/10
  3716 | D:5      | Found a staircase to the Ecumenical Temple.
  3717 | D:5      | Noticed an ice beast
  3736 | D:5      | Killed an ice beast
  3868 | Temple   | Entered the Ecumenical Temple
  3883 | Temple   | Became a worshipper of Vehumet
  3904 | D:5      | Learned a level 3 spell: Mephitic Cloud
  4055 | D:5      | Found a blossoming altar of Fedhas.
  4215 | D:5      | Gained mutation: You have very sharp fingernails. [demonic
                  | ancestry]
  4215 | D:5      | Reached XP level 7. HP: 48/52 MP: 4/12
  4566 | D:6      | Found Ciysin's Armour Emporium.
  4588 | D:6      | Found Efizxufiar's Antique Armour Emporium.
  4597 | D:6      | Reached skill level 1 in Poison Magic
  4613 | D:6      | Reached skill level 1 in Armour
  4613 | D:6      | Reached skill level 1 in Air Magic
  4618 | D:6      | Found Miuppelom's Magic Scroll Shoppe.
  4792 | D:6      | Bought a scroll of identify for 20 gold pieces
  4792 | D:6      | Bought a scroll of teleportation for 30 gold pieces
  4792 | D:6      | Bought a scroll of teleportation for 30 gold pieces
  4792 | D:6      | Bought a scroll of identify for 20 gold pieces
  4792 | D:6      | Bought a scroll of identify for 20 gold pieces
  4803 | D:6      | Reached skill level 10 in Spellcasting
  4803 | D:6      | Reached XP level 8. HP: 46/68 MP: 13/22
  4937 | D:6      | Found a sand-covered staircase.
  4941 | Ossuary  | Entered an ossuary
  4995 | Ossuary  | Reached * piety under Vehumet
  4995 | Ossuary  | Offered knowledge of Foxfire by Vehumet.
  5138 | Ossuary  | Offered knowledge of Searing Ray by Vehumet.
  5140 | Ossuary  | Reached ** piety under Vehumet
  5148 | Ossuary  | Learned a level 3 spell: Ignite Poison
  5610 | D:6      | Found Boothofo's Armour Boutique.
  5798 | D:6      | Reached skill level 1 in Transmutations
  6463 | D:7      | Reached XP level 9. HP: 74/74 MP: 11/23
  6576 | D:7      | Reached skill level 1 in Evocations
  6673 | D:7      | Found a runed translucent gate.
  6673 | D:7      | Found a runed translucent gate.
  6673 | D:7      | Found an opulent altar of Gozag.
  6676 | D:7      | Found a runed translucent gate.
  6677 | D:7      | Noticed a troll
  6677 | D:7      | Noticed Stil's ghost (novice DsNe)
  6677 | D:7      | Noticed a manticore
  6719 | D:7      | Reached skill level 1 in Fire Magic
  6883 | D:7      | Offered knowledge of Inner Flame by Vehumet.
  6888 | D:7      | Learned a level 3 spell: Inner Flame
  6989 | D:7      | Found a hide-covered altar of Uskayaw.
  7920 | D:8      | Noticed a deep elf pyromancer
  7982 | D:8      | Noticed a two-headed ogre
  7987 | D:8      | Killed a two-headed ogre
  7987 | D:8      | Reached *** piety under Vehumet
  8124 | D:8      | Reached XP level 10. HP: 82/82 MP: 15/24
  8329 | D:8      | Killed a deep elf pyromancer
  8425 | D:8      | Found Voici's Jewellery Shop.
  8950 | D:9      | Learned a level 5 spell: Freezing Cloud
  9139 | D:9      | Offered knowledge of Volatile Blastmotes by Vehumet.
  9367 | D:9      | Found a staircase to the Lair.
  9546 | D:9      | Reached skill level 5 in Earth Magic
  9829 | D:9      | Noticed a two-headed ogre
  9835 | D:9      | Killed a two-headed ogre
 10426 | D:10     | Entered Level 10 of the Dungeon
 10458 | D:10     | Noticed Psyche
 10466 | D:10     | Reached skill level 1 in Ice Magic
 10478 | D:10     | Killed Psyche
 10479 | D:10     | Reached XP level 11. HP: 73/87 MP: 4/25
 10623 | D:10     | Noticed Urug
 10630 | D:10     | Killed Urug
 10631 | D:10     | Reached skill level 5 in Conjurations
 10757 | D:10     | Noticed Lodul
 10770 | D:10     | Killed Lodul
 10927 | D:10     | Reached **** piety under Vehumet
 11173 | D:10     | Noticed Erolcha
 11182 | D:10     | Killed Erolcha
 11183 | D:10     | Reached skill level 5 in Armour
 11285 | D:10     | Found a broken altar of Ashenzari.
 11285 | D:10     | Found a shimmering altar of Xom.
 11481 | D:10     | Noticed Sonja
 11486 | D:10     | Killed Sonja
 11486 | D:10     | Offered knowledge of Irradiate by Vehumet.
 12052 | D:10     | Learned a level 5 spell: Irradiate
 12472 | D:11     | Found an iron altar of Okawaru.
 12719 | D:11     | Reached skill level 11 in Spellcasting
 12783 | D:11     | Noticed a centaur warrior
 12784 | D:11     | Noticed a centaur warrior
 12792 | D:11     | Killed a centaur warrior
 12904 | D:11     | Killed a centaur warrior
 12905 | D:11     | Gained mutation: Your demonic aura often causes spilled
                  | blood to erupt in flames. [demonic ancestry]
 12905 | D:11     | Reached XP level 12. HP: 50/95 MP: 9/27
 13244 | D:11     | Found a runed translucent gate.
 13244 | D:11     | Found a runed translucent gate.
 13244 | D:11     | Found a runed translucent gate.
 13246 | D:11     | Noticed Maratek's ghost (journeyman MiFi)
 13817 | D:6      | Bought a distressingly furry buckler for 180 gold pieces
 13817 | D:6      | Identified the +1 buckler of Yxeumaum {Dex+3 Stlth+} (You
                  | bought it in a shop on level 6 of the Dungeon)
 13836 | D:6      | Bought a scroll of immolation for 40 gold pieces
 13836 | D:6      | Bought 3 scrolls of noise for 30 gold pieces
 13940 | D:2      | Bought a potion of attraction for 30 gold pieces
 13940 | D:2      | Bought a potion of lignification for 30 gold pieces
 13940 | D:2      | Bought a potion of brilliance for 40 gold pieces
 14248 | D:12     | Noticed a two-headed ogre
 14254 | D:12     | Killed a two-headed ogre
 14255 | D:12     | Reached skill level 1 in Shields
 14555 | D:12     | Noticed Gastronok
 14661 | D:12     | Found a staircase to the Orcish Mines.
 15213 | D:13     | Learned a level 5 spell: Borgnjor's Vile Clutch
 15340 | D:13     | Reached skill level 1 in Necromancy
 15811 | D:13     | Noticed a centaur warrior
 15816 | D:13     | Killed a centaur warrior
 16338 | D:14     | Noticed a two-headed ogre
 16342 | D:14     | Killed a two-headed ogre
 16343 | D:14     | Noticed Frances
 16356 | D:14     | Noticed a vault guard
 16357 | D:14     | Killed Frances
 16492 | D:14     | Killed a vault guard
 16493 | D:14     | Reached skill level 5 in Shields
 16565 | Lair:1   | Entered Level 1 of the Lair of Beasts
 16753 | Lair:1   | Reached skill level 12 in Spellcasting
 16843 | Lair:1   | Noticed a boulder beetle
 16856 | Lair:1   | Killed a boulder beetle
 16857 | Lair:1   | Gained mutation: You are partially covered in sharp spines.
                  | [demonic ancestry]
 16857 | Lair:1   | Reached XP level 13. HP: 101/101 MP: 15/29
 17376 | Lair:1   | Reached ***** piety under Vehumet
 17783 | Lair:1   | You fall into a shaft and drop 1 floor!
 17823 | Lair:2   | Offered knowledge of Starburst by Vehumet.
 18407 | Lair:1   | Learned a level 5 spell: Lee's Rapid Deconstruction
 18408 | Lair:2   | Found a sacrificial altar of Ru.
 18762 | Lair:2   | Reached skill level 10 in Fighting
 19684 | Lair:2   | Found a staircase to the Snake Pit.
 19835 | Lair:2   | Reached skill level 13 in Spellcasting
 19982 | Lair:2   | Found a staircase to the Swamp.
 20485 | Lair:3   | Noticed Nergalle
 20492 | Lair:3   | Killed Nergalle
 20589 | Lair:3   | Found a dark tunnel.
 20604 | Volcano  | Entered a volcano
 20940 | Volcano  | Found a burning altar of Makhleb.
 21453 | Lair:3   | Gained mutation: You are mostly covered in sharp spines.
                  | [demonic ancestry]
 21453 | Lair:3   | Reached XP level 14. HP: 111/111 MP: 16/31
 22290 | D:$      | Got out of the dungeon alive.

Illustrated notes

Levels and vault maps discovered:
D:1:      roderic_octagonal_star, layout_basic
D:2:      layout_loops_ring, serial_shops, shop, nicolae_shop_statue_plus,
          nicolae_shop_peninsula, shop, uniq_jessica
D:3:      layout_loops_cross
D:4:      layout_rooms, gup_sewer_entry_pipe
D:5:      layout_gridville, fedhas_ov_isle_minmay, temple_fountains,
          dk_noncrumbling_4
D:6:      layout_loops_cross, serial_rivers, chequers_serial_rivers_large_a,
          chequers_serial_rivers_large_b, chequers_serial_rivers_micro_b,
          chequers_serial_rivers_room_b, enter_ossuary_5, serial_shops, shop,
          shop_fountains, shop, shop
D:7:      layout_loops_ring, nicolae_uskayaw_murder_on_the_dancefloor,
          ebering_ghost_gozag, grunt_decor_cap
D:8:      layout_loops_ring, serial_shops, shop
D:9:      layout_grid_maze, due_lair_maze_entry_diamond
D:10:     nicolae_hitomezashi [nicolae_hito_row, nicolae_hito_row,
          nicolae_hito_row, nicolae_hito_row, nicolae_hito_row,
          nicolae_hito_row, nicolae_hito_row, nicolae_hito_row,
          nicolae_hito_row, nicolae_hito_row, nicolae_hito_row,
          nicolae_hito_row, nicolae_hito_row, nicolae_hito_row,
          nicolae_hito_row, nicolae_hito_row, nicolae_hito_row,
          nicolae_hito_row], layout_basic, mainiacjoe_overflow_large_starburst,
          uniq_lodul, uniq_sonja, uniq_urug, uniq_psyche, uniq_erolcha
D:11:     kennysheep_blocky_room, layout_small_grid, ebering_ghost_rock_garden,
          kennysheep_minor_cross, okawaru_gym_becter
D:12:     layout_roguey, orc_0_dummy, chequers_serial_rivers_small_b,
          uniq_gastronok
D:13:     cheibrodos_breeding_chamber, layout_basic, minmay_variable_closet
D:14:     layout_small_grid, lightli_vaults_fourway_checkpoint,
          gammafunk_ghost_hive, chequers_hall_statues_y, vehumet_crystals,
          uniq_frances, uniq_agnes
Temple:   regret_index_temple_mists
Lair:1:   beast_lair_carwin_large_3, layout_gridlike, minivault_19,
          grunt_megastairs_5
Lair:2:   nzn_winding_woodlands_three_and_one
          [nzn_winding_woodlands_5x15_garden, nzn_winding_woodlands_5x15_jagged,
          nzn_winding_woodlands_5x15_sidewinder,
          nzn_winding_woodlands_center_lodge], layout_hall_layers,
          minmay_swamp_entry_wisps, guppyfry_snake_entry_garden, basic_altar,
          beast_lair_carwin_5
Lair:3:   layout_regular_city, enter_volcano_4, uniq_prince_ribbit2,
          uniq_nergalle

Skill      XL: |  1  2  3  4  5  6  7  8  9 10 11 12 13 |
---------------+----------------------------------------+-----
Fighting       | 1 2 3 8 9 10 | 10.6
Earth Magic    | 3 4 5 6 7 |  7.6
Conjurations   | 1 2 3 4 6 8 9 |  9.0
Spellcasting   | 3 10 11 12 13 | 13.5
Poison Magic   | 1 2 3 |  3.0
Armour         | 1 2 3 6 |  6.0
Air Magic      | 1 2 3 |  3.0
Transmutations | 1 2 3 |  3.0
Evocations     | 1 3 |  3.0
Fire Magic     | 1 3 |  3.0
Ice Magic      | 1 3 |  3.0
Shields        | 5 6 |  6.0
Dodging        | 3 |  3.0
Necromancy     | 3 |  3.0
Stealth        | |  1.7

Action                     |  1- 3 |  4- 6 |  7- 9 | 10-12 | 13-15 || total
---------------------------+-------+-------+-------+-------+-------++-------
  Melee: Dagger            |    12 |    29 |     7 |    52 |    23 ||   123
         Unarmed           |       |       |     9 |       |       ||     9
         Punch             |       |       |       |     1 |       ||     1
   Cast: Sandblast         |    48 |   112 |    98 |    35 |    14 ||   307
         Stone Arrow       |       |    10 |    72 |   170 |    83 ||   335
         Passwall          |       |     1 |     2 |     3 |     2 ||     8
         Mephitic Cloud    |       |       |     4 |    54 |     3 ||    61
         Ignite Poison     |       |       |       |    18 |     1 ||    19
         Freezing Cloud    |       |       |       |    21 |    40 ||    61
         Inner Flame       |       |       |       |     5 |       ||     5
         Borgnjor's Vile C |       |       |       |     1 |    30 ||    31
  Evoke: Wand              |       |       |     2 |    13 |       ||    15
    Use: Potion            |       |     1 |     4 |     1 |       ||     6
         Scroll            |       |       |     7 |     6 |    11 ||    24
   Stab: Sleeping          |       |     1 |       |       |       ||     1
         Confused          |       |       |       |     2 |     1 ||     3
 Armour: Robe              |    10 |    30 |    15 |    80 |    40 ||   175
         Leather armour    |       |    27 |    31 |       |       ||    58
         Skin              |       |       |     3 |       |       ||     3
  Dodge: Dodged            |    17 |    67 |    35 |    43 |    16 ||   178
  Block: Other             |       |       |    22 |    15 |       ||    37
         Reflection        |       |       |     1 |     4 |     2 ||     7
         Buckler           |       |       |       |    18 |    38 ||    56

Table legend: (Time is in decaauts)
 A = Elapsed time spent in this place.
 B = Non-inter-level travel time spent in this place.
 C = Inter-level travel time spent in this place.
 D = Time resting spent in this place.
 E = Time spent auto-exploring this place.
 F = Levels seen in this place.
 G = Mean time per level.
                   A        B        C        D        E       F      G
               +--------+--------+--------+--------+--------+-----+--------+
         Total |  22558 |  21232 |   1326 |   4752 |  12139 |  21 | 1074.2 |
       Dungeon |  16041 |  15052 |    989 |   3274 |   9144 |  14 | 1145.8 |
        Temple |     39 |      3 |     36 |      0 |      0 |   1 |   39.0 |
          Lair |   4856 |   4556 |    300 |    947 |   2814 |   3 | 1618.7 |
         Sewer |    483 |    483 |      0 |    181 |      0 |   1 |  483.0 |
       Ossuary |    426 |    426 |      0 |     56 |    180 |   1 |  426.0 |
       Volcano |    710 |    710 |      0 |    294 |      0 |   1 |  710.0 |
               +--------+--------+--------+--------+--------+-----+--------+

Top non-repeatable levels by time:
  Lair:2: 2004 daAuts
  Lair:1: 1856 daAuts
     D:9: 1786 daAuts
    D:10: 1619 daAuts
    D:11: 1616 daAuts
     D:6: 1549 daAuts
    D:13: 1342 daAuts
     D:7: 1335 daAuts
     D:8: 1319 daAuts
     D:2: 1129 daAuts
    D:12: 1041 daAuts
     D:1: 1016 daAuts
  Lair:3: 995 daAuts
     D:5: 956 daAuts
 Volcano: 710 daAuts
